Map: Dasan Station LE

Players

Gracz - Winner!

  • Race: Terran Terran
  • League: Silver

Massive

  • Race: Protoss Protoss
  • League: Bronze

VOD

Have the link to the VOD?

Description

Time

  • Played on: Oct. 8, 2016, 7:33 a.m.
  • Length: 7:08
Show
View Real Time Build Order
Export as new Build Order

Gracz Terran - Winner!

Build Orders:  

Get SALT Encoding   

  12  0:02  SCV  
  13  0:13  Supply Depot  
  13  0:19  SCV  
  14  0:39  Barracks  
  14  0:45  Supply Depot  
  14  0:48  Refinery  
  14  0:51  SCV  
  15  1:21  Barracks  
  15  1:34  SCV  
  15  1:38  Reaper  
  17  1:45  Refinery  
  17  1:46  SCV  
  18  1:58  Barracks, SCV  
  19  2:07  Engineering Bay  
  19  3:00  Barracks Tech Lab x2  
  19  3:07  Barracks Reactor  
  19  3:08  Factory  
  19  3:18  Orbital Command  
  19  3:26  Marauder x2  
  23  3:30  Stimpack  
  23  3:44  Command Center  
  23  3:57  Starport  
  23  4:00  Factory Reactor  
  23  4:12  SCV  
  25  4:24  SCV  
  25  4:55  Refinery  
  25  4:57  Marine x2  
  25  4:58  Refinery  
  27  5:01  Marauder x2  
  31  5:21  Medivac  
  31  5:22  Medivac, Marauder  
  37  5:28  Marine x2  
  37  5:35  Marauder  
  41  5:40  SCV  
  42  5:43  Marauder  
  44  5:52  SCV  
Show
View Real Time Build Order
Export as new Build Order

Massive Protoss 

Build Orders:  

Get SALT Encoding   

  12  0:02  Probe (Chrono Boost)  
  13  0:13  Probe (Chrono Boost)  
  14  0:19  Pylon  
  14  0:30  Pylon  
  14  0:37  Probe (Chrono Boost)  
  15  0:44  Gateway  
  15  0:55  Assimilator  
  15  1:07  Probe (Chrono Boost)  
  16  1:14  Pylon  
  16  1:43  Assimilator  
  16  1:57  Cybernetics Core  
  16  2:07  Nexus  
  16  2:19  Forge  
  16  2:32  Pylon  
  16  2:33  Zealot  
  18  2:39  Probe (Chrono Boost)  
  19  3:00  Zealot  
  19  3:03  Warp Gate  
  21  3:14  Photon Cannon  
  21  3:26  Probe (Chrono Boost)  
  22  3:27  Sentry  
  22  3:32  Probe (Chrono Boost)  
  25  3:37  Probe (Chrono Boost)  
  25  3:38  Photon Cannon  
  26  3:43  Probe (Chrono Boost)  
  26  3:47  Probe (Chrono Boost)  
  28  3:51  Photon Cannon  
  28  3:53  Probe (Chrono Boost), Zealot  
  30  4:21  Robotics Facility  
  30  4:24  Gateway  
  30  4:25  Gateway  
  30  4:29  Probe (Chrono Boost)  
  31  4:39  Probe (Chrono Boost)  
  32  4:50  Probe (Chrono Boost), Photon Cannon  
  33  4:54  Photon Cannon  
  33  4:59  Pylon  
  33  5:00  Probe (Chrono Boost)  
  33  5:03  Assimilator  
  34  5:11  Probe (Chrono Boost)  
  35  5:18  Observer  
  36  5:21  Probe (Chrono Boost)  
  37  5:31  Probe (Chrono Boost)  
  37  5:35  Probe (Chrono Boost)  
  39  5:40  Observer  
  39  5:42  Probe (Chrono Boost)  
  41  5:44  Assimilator  
  41  5:45  Probe (Chrono Boost)  
  42  5:52  Probe (Chrono Boost)  
  42  5:56  Probe (Chrono Boost)  
  44  5:57  Pylon  
  44  5:59  Photon Cannon  
  44  6:03  Probe (Chrono Boost)  
  45  6:06  Probe (Chrono Boost)  
  46  6:12  Stargate  
  46  6:13  Probe (Chrono Boost)  
  46  6:16  Twilight Council  
  46  6:17  Probe (Chrono Boost)  
  48  6:22  Stargate  
  44  6:40  Zealot  
  44  6:42  Zealot  
  44  6:44  Zealot  
Tags
 
Add a new tag
Caveats
  • Supply blocks, unpowered buildings, or Contaminate may cause inaccurate times.
  • Supply counts are checked every 10 seconds.